[Event "*** SCC Grand Prix: Titled Tuesday Blitz"]
[Site "Chess.com"]
[Date "2020.06.09"]
[Round "5"]
[White "GMaka"]
[Black "malandragem"]
[Result "1-0"]
[WhiteElo "2352"]
[BlackElo "2445"]
[TimeControl "180+1"]
[EndTime "9:57:02 PDT"]
[Termination "GMaka won on time"]

1. d4 Nf6 2. Bf4 d5 3. e3 c5 4.
c3 Nc6 5. Nd2 e6 6. Ngf3 Bd6 7.
Bg3 O-O 8. Bd3 b6 9. Ne5 Ne7 10.
f4 Bb7 11. Bh4 Ne4 12. Bxe4 dxe4 13. Ndc4 Bc7 14. dxc5 f6 15. cxb6 axb6 16. Qxd8 Rfxd8 17. Ng4 Nf5 18. Nxf6+ gxf6 19. Bxf6 Rdc8 20. g4 Nd6 21.
Nxd6 Bxd6 22. Bd4 Bc5 23. Kd2 Bxd4 24. cxd4 Bd5 25. b3 b5 26. Rhf1 b4 27. f5 Rc3 28.
f6 Rac8 29. Rfc1 Rxc1 30. Rxc1 Rxc1 31. Kxc1 Kf7 32. g5 e5 33. dxe5 Ke6 34. h4 Kxe5 35.
a3 bxa3 36. b4 Bc4 37. h5 Kf5 38. b5 Ke6 39. b6 Ba6 40. Kb1 1-0

[Event "*** SCC Grand Prix: Titled Tuesday Blitz"]
[Site "Chess.com"]
[Date "2020.06.09"]
[Round "5"]
[White "Mbneu"]
[Black "mattcolins2025"]
[Result "1/2-1/2"]
[WhiteElo "2226"]
[BlackElo "2389"]
[TimeControl "180+1"]
[EndTime "9:57:02 PDT"]
[Termination "Game drawn - insufficient material"]

1. d4 Nf6 2. c4 g6 3. Nc3 Bg7 4.
e4 d6 5. f4 O-O 6. Nf3 c5 7.
d5 e6 8. Be2 exd5 9. cxd5 Bg4 10. O-O Nbd7 11. h3 Bxf3 12. Bxf3 Ne8 13. Re1 a6 14. a4 Nc7 15. Kh1 b5 16. e5 dxe5 17.
d6 Ne6 18. Bxa8 b4 19. Bc6 bxc3 20. Bxd7 Qxd7 21. fxe5 c2 22. Qxc2 Nd4 23. Qxc5 Nb3 24. Qa3 Nxa1 25. Qxa1 Qe6 26. Bf4 Re8 27. b4 f6 28. d7 Qxd7 29. exf6 Rxe1+ 30. Qxe1 Bxf6 31. Qe4 Qxa4 32. Qa8+ Kf7 33. Qb7+ Be7 34. Qd5+ Kf8 35. Bh6+ Ke8 36. Qg8+ Kd7 37. Qxh7 Qa1+ 38. Kh2 Qe5+ 39. Kh1 Qf5 40. Be3 Ke6 41. Qg8+ Kd7 42. Qc4 Bd6 43.
Qg4 Qxg4 44. hxg4 Bxb4 45. Kg1 a5 46. Kf1 Bc3 47. Ke2 a4 48. Kd3 Bg7 49. Kc4 a3 50.
Kb3 Bf8 51. Bc1 Ke6 52. Bxa3 Bxa3 53. Kxa3 Ke5 54. Kb4 Kf4 55. Kc5 Kg3 56. Kd5 Kxg2 57. Ke5 Kg3 58. Kf6 Kxg4 59. Kxg6 1/2-1/2

[Event "*** SCC Grand Prix: Titled Tuesday Blitz"]
[Site "Chess.com"]
[Date "2020.06.09"]
[Round "5"]
[White "Gajuchess"]
[Black "DortmundCity"]
[Result "1-0"]
[WhiteElo "2790"]
[BlackElo "2598"]
[TimeControl "180+1"]
[EndTime "9:57:03 PDT"]
[Termination "Gajuchess won by checkmate"]

1. d4 d5 2. Nf3 Nf6 3. g3 Bf5 4.
Bg2 h6 5. c4 e6 6. Nc3 c6 7. Qb3 Qb6 8. c5 Qxb3 9. axb3 Nbd7 10. b4 a6 11. b5 cxb5 12. Nxb5 Rc8 13. Nc3 Ne4 14. Bf4 g5 15. Be3 Bg7 16. Nd2 Nxc3 17. bxc3 Nxc5 18. dxc5 Bxc3 19. Ra4 Bc2 20. Bd4 Bxa4 21.
Bxc3 Rxc5 22. Ne4 dxe4 23. Bxh8 Rc1+ 24. Kd2 Rxh1 25. Bxh1 f5 26. f3 a5 27. fxe4 Bc6 28. Bf3 g4 29. Bg2 Kd7 30. Ke3 b5 31. Kd4 b4 32.
Kc4 fxe4 33. e3 Kd6 34. Bg7 Bd5+ 35. Kd4 h5 36. Bf1 Kc6 37. Bf8 Kb6 38. Be2 Kc6 39. Ke5 Kb6 40. Kd4 Kc6 41. Be7 Kb6 42. Ke5 b3 43. Ba3 a4 44. Kd4 Ka5 45. Kc5 Bb7 46.
Bb4# 1-0

[Event "*** SCC Grand Prix: Titled Tuesday Blitz"]
[Site "Chess.com"]
[Date "2020.06.09"]
[Round "5"]
[White "XiaoKangZhong"]
[Black "szachuspl"]
[Result "0-1"]
[WhiteElo "2391"]
[BlackElo "2554"]
[TimeControl "180+1"]
[EndTime "9:57:03 PDT"]
[Termination "szachuspl won by checkmate"]

1. e4 c5 2. c3 Nf6 3. e5 Nd5 4. d4 cxd4 5. Nf3 Nc6 6. cxd4 d6 7. Bc4 Nb6 8. Bb5 dxe5 9. Nxe5 Bd7 10. Nxd7 Qxd7 11.
Nc3 a6 12. Bxc6 bxc6 13. O-O e6 14. Qg4 g6 15. Bf4 Bg7 16. Rfd1 O-O 17. Rac1 Nd5 18. Be5 Nxc3 19. Rxc3 Rfd8 20. Bxg7 Kxg7 21. Qe4 Qd5 22. Qxd5 cxd5 23. Kf1 Rdc8 24. Rdc1 Rxc3 25. Rxc3 Rb8 26. b3 Rb4 27. Rd3 g5 28. Ke2 Kf6 29. Ke3 Kf5 30.
a3 Rb7 31. Rc3 a5 32. Kd3 h5 33. f3 g4 34. Kc2 Kf4 35. fxg4 hxg4 36. Rc5 Ra7 37. Kd3 Ra6 38. Rb5 f6 39. Rb7 e5 40.
Rb5 e4+ 41. Kd2 e3+ 42. Kd3 Re6 43. Ke2 Ke4 44. Rxa5 f5 45. Ra8 Kxd4 46. Rf8 Ke4 47. b4 d4 48. Rd8 f4 49. b5 f3+ 50.
gxf3+ gxf3+ 51. Kf1 Kd3 52. a4 e2+ 53. Ke1 f2+ 54.
Kxf2 e1=Q+ 55. Kg2 Qe4+ 56. Kf2 Rf6+ 57. Kg1 Qg4+ 58. Kh1 Rf1# 0-1

[Event "*** SCC Grand Prix: Titled Tuesday Blitz"]
[Site "Chess.com"]
[Date "2020.06.09"]
[Round "5"]
[White "Lovinski"]
[Black "parnali1611"]
[Result "1-0"]
[WhiteElo "2357"]
[BlackElo "2044"]
[TimeControl "180+1"]
[EndTime "9:57:04 PDT"]
[Termination "Lovinski won by resignation"]

1. Nf3 Nf6 2. g3 d5 3. Bg2 c5 4. O-O Nc6 5. d4 cxd4 6. Nxd4 e5 7. Nxc6 bxc6 8. c4 Be6 9. Nc3 Be7 10. Bg5 e4 11. Qa4 Qd7 12. cxd5 cxd5 13. Qxd7+ Nxd7 14. Bxe7 Kxe7 15. Rfd1 Nb6 16. Nb5 Rhd8 17. Nd4 Rac8 18. Rac1 Bd7 19. b3 Kd6 20. h3 Ke5 21. f4+ Kd6 22.
e3 Rxc1 23. Rxc1 Rc8 24. Rxc8 Nxc8 25. Kf2 a5 26. Ke2 Kc5 27. Kd2 Kb4 28. Nc2+ Kc5 29.
Kc3 Nd6 30. Nd4 Nb5+ 31. Nxb5 Bxb5 32. a3 f6 33. g4 h6 34. h4 Be2 35. g5 fxg5 36.
fxg5 hxg5 37. hxg5 Kd6 38. Kd4 Bb5 39. Bh3 Bd3 40. b4 axb4 41. axb4 Bc4 42. Bf5 Bd3 43. Bc8 Bb5 44. Bf5 Bc4 45. Bxe4 Kc6 46. Bf3 Bb3 47. Be2 Kd6 48. Bd3 Ba4 49. b5 Bb3 50. Bg6 Ba2 51.
Be8 Bb3 52. b6 Ba2 53. b7 Kc7 54. Bc6 Bb3 55. Bxd5 Bxd5 56. Kxd5 Kxb7 57. Ke6 Kc7 58. Kf7 Kd7 59. Kxg7 Ke7 60. g6 Ke8 61. Kh7 1-0

[Event "*** SCC Grand Prix: Titled Tuesday Blitz"]
[Site "Chess.com"]
[Date "2020.06.09"]
[Round "5"]
[White "dretch"]
[Black "wonderfultime"]
[Result "0-1"]
[WhiteElo "2797"]
[BlackElo "2998"]
[TimeControl "180+1"]
[EndTime "9:57:05 PDT"]
[Termination "wonderfultime won on time"]

1. d4 d5 2. c4 c6 3. Nc3 Nf6 4. e3 a6 5. Bd3 Bg4 6. Nge2 e6 7. f3 Bh5 8. Nf4 Bg6 9. Nxg6 hxg6 10. Qe2 dxc4 11.
Bxc4 b5 12. Bd3 c5 13. dxc5 Bxc5 14. Ne4 Bb6 15. Bd2 O-O 16. Nxf6+ Qxf6 17. Bc3 Qe7 18.
Be4 Ra7 19. a4 b4 20. Bd2 Rd8 21. O-O Rad7 22. Rad1 f5 23. Bc2 Qc5 24. Bc1 f4 25.
Bb3 Rxd1 26. Rxd1 Rxd1+ 27. Qxd1 fxe3 28. Kf1 Nc6 29. Bxe6+ Kh7 30. b3 e2+ 31. Kxe2 Nd4+ 32. Kd3 Nxe6 33. Bb2 Qf5+ 34. Kc4 Qc5+ 35. Kd3 Nf4+ 36.
Kd2 Qe3+ 37. Kc2 Qc5+ 38. Kb1 Qf5+ 39. Ka2 Nxg2 40. Qd6 Be3 41. Qxb4 Bh6 42. Qc4 a5 43. Qe2 Nf4 44. Qb5 Qc2 0-1

[Event "*** SCC Grand Prix: Titled Tuesday Blitz"]
[Site "Chess.com"]
[Date "2020.06.09"]
[Round "5"]
[White "Fins0905"]
[Black "RestartingChess"]
[Result "1/2-1/2"]
[WhiteElo "2653"]
[BlackElo "2475"]
[TimeControl "180+1"]
[EndTime "9:57:05 PDT"]
[Termination "Game drawn - insufficient material"]

1. d4 Nf6 2. Nf3 g6 3. Bg5 Bg7 4.
Nbd2 d5 5. e3 O-O 6. Be2 c5 7. c3 Nc6 8. dxc5 e5 9. O-O h6 10.
Bh4 g5 11. Bg3 Re8 12. h3 Bf5 13. b4 d4 14. exd4 exd4 15. Nxd4 Nxd4 16. cxd4 Qxd4 17. a3 Rad8 18. Nc4 Ne4 19. Qxd4 Bxd4 20. Bc7 Rd7 21.
Bh2 Bxa1 22. Rxa1 Nc3 23. Bf1 Rd1 24. Rxd1 Nxd1 25. Nd6 Re1 26. Nxf5 Nc3 27. Ng3 f5 28. f4 gxf4 29. Nh5 Ra1 30. Nxf4 Rxa3 31. Kf2 Ra2+ 32.
Ke3 Kg7 33. Bd3 Nd1+ 34. Kd4 Nf2 35. Bg1 Rd2 36. Ke3 Nxd3 37. Kxd2 Nxf4 38. Bd4+ Kf7 39. b5 Nxg2 40. c6 bxc6 41. bxc6 Ke6 42. Bxa7 Kd6 43. Ke2 Kxc6 44. Kf3 Ne1+ 45. Kf4 Kd5 46. Kxf5 Ng2 47. Kg6 Nf4+ 48. Kxh6 Nxh3 1/2-1/2

[Event "*** SCC Grand Prix: Titled Tuesday Blitz"]
[Site "Chess.com"]
[Date "2020.06.09"]
[Round "5"]
[White "Nathan_Filgueiras"]
[Black "TregubovP"]
[Result "0-1"]
[WhiteElo "2405"]
[BlackElo "2571"]
[TimeControl "180+1"]
[EndTime "9:57:05 PDT"]
[Termination "TregubovP won by resignation"]

1. e4 e6 2. d4 d5 3. e5 c5 4. c3 Nc6 5. Nf3 Qb6 6. a3 Bd7 7. b4 cxd4 8. cxd4 Rc8 9. Bb2 Nh6 10. Nc3 Na5 11. Na4 Qc6 12. Rc1 Nc4 13. Bxc4 dxc4 14. Nc5 b6 15. Nxd7 Qxd7 16. O-O Be7 17. Qe2 Qd5 18.
Rc2 O-O 19. Bc1 Nf5 20. Rd1 Rc7 21. Bg5 Bxg5 22. Nxg5 Nxd4 23. Qg4 Qxe5 24. Qxd4 Qxg5 25. Rxc4 Rxc4 26. Qxc4 Rd8 27. Rxd8+ Qxd8 28. h3 h6 29. g3 Qd1+ 30. Kh2 Qd2 31. Qf4 Qxf4 32. gxf4 Kh7 33. Kg2 Kg6 34. Kf3 Kf5 35. Ke3 h5 36. Kf3 h4 37.
Ke3 f6 38. a4 a6 39. a5 bxa5 40. bxa5 e5 41. fxe5 Kxe5 42. f4+ Kd5 43. Kf3 f5 44.
Ke3 Kc4 45. Ke2 Kd4 46. Kf3 Kd3 47. Kf2 Ke4 48. Ke2 Kxf4 49. Kd3 Kg3 50. Kc4 0-1

[Event "*** SCC Grand Prix: Titled Tuesday Blitz"]
[Site "Chess.com"]
[Date "2020.06.09"]
[Round "5"]
[White "Haykoooo0o"]
[Black "Olga_Girya"]
[Result "1-0"]
[WhiteElo "2564"]
[BlackElo "2398"]
[TimeControl "180+1"]
[EndTime "9:57:06 PDT"]
[Termination "Haykoooo0o won on time"]

1. d4 d5 2. c4 c6 3. Nc3 Nf6 4. cxd5 cxd5 5. f3 Nc6 6. e4 Qb6 7. e5 Ng8 8. Nge2 Bf5 9. Ng3 Bg6 10. Bb5 e6 11. O-O Bb4 12. Bxc6+ bxc6 13. Be3 Ne7 14. Rc1 Bxc3 15. bxc3 O-O 16. h4 h6 17. h5 Bh7 18. Qd2 Rfb8 19. Bxh6 gxh6 20. Qxh6 Qd8 21. Qg5+ Kh8 22. Qf6+ Kg8 23. Qg5+ Kh8 24. Qf4 Qg8 25. Kh2 Nf5 26. Nxf5 Bxf5 27. g4 Rb2+ 28. Kg3 Bh7 29. Rf2 Rab8 30. Rcf1 Bd3 31. Rxb2 Rxb2 32. Rh1 Be2 33. Rh2 Rc2 34. Qe3 Bd1 35. Rxc2 Bxc2 36.
Kh4 Bh7 37. Qf4 Qd8+ 38. g5 Kg8 39. Kg3 Bf5 40. Qh4 Kh7 41. Kf4 Qa5 42. g6+ Kg8 43. Qe7 fxg6 44. h6 g5+ 45. Kxg5 1-0

[Event "*** SCC Grand Prix: Titled Tuesday Blitz"]
[Site "Chess.com"]
[Date "2020.06.09"]
[Round "5"]
[White "Enriquack"]
[Black "Fusikk"]
[Result "0-1"]
[WhiteElo "2408"]
[BlackElo "2577"]
[TimeControl "180+1"]
[EndTime "9:57:07 PDT"]
[Termination "Fusikk won by checkmate"]

1. e4 c6 2. d4 d5 3. e5 Bf5 4. Nf3 e6 5. Be2 c5 6. O-O Nc6 7. Bb5 Qb6 8. c4 dxc4 9. Qa4 Rc8 10. Be3 a6 11. Bxc4 Bg4 12. Nbd2 cxd4 13. Nxd4 Qb4 14. Bb3 Ne7 15. Rac1 Qxa4 16. Bxa4 b5 17. Nxb5 axb5 18.
Bxb5 f6 19. Nb3 Kf7 20. exf6 gxf6 21. Na5 Nxa5 22. Rce1 Nd5 23. Bd4 Bc5 24. Bxc5 Rxc5 25. Bd3 Nc6 26. f3 Bh5 27. a3 Ne5 28. Be2 Bg6 29.
b4 Rc2 30. f4 Nd3 31. Bxd3 Bxd3 32. Rf3 Bf5 33. Rb3 Ra8 34. b5 Nb6 35. h3 Rd8 36. g4 Bg6 37. Rf3 Rdd2 38. f5 exf5 39. gxf5 Bh5 40.
Rfe3 Rg2+ 41. Kh1 Rh2+ 42. Kg1 Nd5 43. Rd3 Rcg2+ 44. Kf1 Rf2+ 45. Kg1 Bf3 46. b6 Nf4 47. Rxf3 Rfg2+ 48. Kf1 Rh1# 0-1

[Event "*** SCC Grand Prix: Titled Tuesday Blitz"]
[Site "Chess.com"]
[Date "2020.06.09"]
[Round "5"]
[White "SketchyMoves"]
[Black "mishanick"]
[Result "0-1"]
[WhiteElo "2651"]
[BlackElo "2940"]
[TimeControl "180+1"]
[EndTime "9:57:08 PDT"]
[Termination "mishanick won by resignation"]

1. e4 c5 2. Nc3 d6 3. f4 g6 4. Nf3 Bg7 5. Bb5+ Bd7 6. Bxd7+ Qxd7 7. d3 Nc6 8. O-O Nh6 9. f5 gxf5 10. Ng5 Nd4 11.
exf5 Nhxf5 12. Nce4 h6 13. Nh3 O-O-O 14. c3 Nc6 15. Nf4 Be5 16. Nh5 Rdg8 17. Qe2 Nh4 18. g3 Qe6 19. Kh1 f5 20. gxh4 fxe4 21. Qxe4 Qh3 22.
Qf5+ Qxf5 23. Rxf5 Rg4 24. Nf4 Rxh4 25. Be3 Rg8 26.
Rg1 Rxg1+ 27. Kxg1 Kd7 28. h3 Bxf4 29. Bxf4 Rxh3 30. Rf7 Rxd3 31. Bxh6 Rd1+ 32. Kf2 Rb1 33. Ke3 Rxb2 34. a4 Ra2 35. Rf4 a6 36. Rh4 b5 37.
axb5 axb5 38. Bg5 Rg2 39. Bf4 e5 40. Rh7+ Ke6 41. Rh6+ Kd5 42. Bh2 c4 43. Rh7 Rc2 44.
Rh6 Rxc3+ 45. Kd2 Rd3+ 46. Ke2 Nd4+ 47. Kf2 b4 48. Rh8 b3 49. Rb8 Rd2+ 50. Kg3 c3 51.
Bg1 c2 52. Be3 Rd3 53. Kf2 Rxe3 54. Kxe3 c1=Q+ 0-1

[Event "*** SCC Grand Prix: Titled Tuesday Blitz"]
[Site "Chess.com"]
[Date "2020.06.09"]
[Round "5"]
[White "SiddharthGMJagadeesh"]
[Black "Rodalquilar"]
[Result "1-0"]
[WhiteElo "2448"]
[BlackElo "2624"]
[TimeControl "180+1"]
[EndTime "9:57:08 PDT"]
[Termination "SiddharthGMJagadeesh won by resignation"]

1. d4 Nf6 2. Nf3 c5 3. c4 g6 4.
g3 Bg7 5. Bg2 O-O 6. O-O Qc7 7.
d5 b5 8. cxb5 a6 9. d6 exd6 10.
Bf4 Ne8 11. Nc3 axb5 12. Nxb5 Qb6 13. Nxd6 Nxd6 14. Bxd6 Re8 15. Rc1 Na6 16. b3 Bb7 17. Qd2 Re6 18. Bf4 Rae8 19. e3 d5 20. Rfd1 h6 21. h4 Nb4 22. Nh2 Ra8 23. a4 Ree8 24.
Ng4 Kh7 25. e4 dxe4 26. Bxh6 Bh8 27. Qg5 Qe6 28. Rxc5 Nd3 29. Rc7 Bc8 30. Rxd3 exd3 31. Bxa8 Qxg4 32. Rxf7+ Kg8 33. Qxg4 Bxg4 34. Bd5 Be6 35.
Bxe6 Rxe6 36. Rd7 Re1+ 37. Kg2 Rd1 38. a5 Bc3 39. a6 d2 40. a7 Ra1 41. Bxd2 Be5 42.
Rd8+ Kf7 43. a8=Q 1-0

[Event "*** SCC Grand Prix: Titled Tuesday Blitz"]
[Site "Chess.com"]
[Date "2020.06.09"]
[Round "5"]
[White "PattyCastillo"]
[Black "YaWaleriy"]
[Result "1-0"]
[WhiteElo "1916"]
[BlackElo "2211"]
[TimeControl "180+1"]
[EndTime "9:57:08 PDT"]
[Termination "PattyCastillo won by checkmate"]

1. d4 d5 2. Nf3 Nf6 3. e3 e6 4. Bd3 Bd6 5. b3 O-O 6. Bb2 b6 7. O-O Bb7 8. Nbd2 Nbd7 9. Qe2 c5 10. Rac1 Qe7 11. Ne5 Ne4 12. Bxe4 dxe4 13. Ndc4 Bc7 14. Nxd7 Qxd7 15. Rcd1 Qe7 16. Qg4 f5 17. Qh5 Ba6 18.
Rfe1 Bxc4 19. bxc4 Rf6 20. h3 Rg6 21. d5 Rg5 22. Qe2 exd5 23. cxd5 Qd6 24. g3 Re8 25. c4 h5 26. h4 Rg4 27. Kf1 Kh7 28. Qd2 g5 29. hxg5 Rxg5 30. Ke2 Reg8 31. Qc3 Kg6 32. Rh1 Rg4 33. Rdg1 Rg5 34. Rg2 Kf7 35. Rgh2 Qg6 36. Ke1 Bd6 37. Rh4 Re8 38. Kd2 Be5 39. Qb3 Bxb2 40.
Qxb2 Re7 41. Qc3 Ke8 42. Ke2 Kd7 43. Qd2 Kd6 44. Qb2 Rf7 45. Qb5 Rc7 46. Qa6 Qf6 47.
Rxh5 Qb2+ 48. Kf1 Qc1+ 49. Kg2 Rxh5 50. Rxh5 Qd1 51. Rh6+ Ke5 52. Re6# 1-0

[Event "*** SCC Grand Prix: Titled Tuesday Blitz"]
[Site "Chess.com"]
[Date "2020.06.09"]
[Round "5"]
[White "Colchonero64"]
[Black "Alexander_Moskalenko"]
[Result "1/2-1/2"]
[WhiteElo "2995"]
[BlackElo "2822"]
[TimeControl "180+1"]
[EndTime "9:57:10 PDT"]
[Termination "Game drawn by repetition"]

1. d4 e6 2. Nf3 d5 3. Bf4 Bd6 4. Bg3 Ne7 5. e3 Nf5 6. Bxd6 Nxd6 7. Nbd2 Nd7 8. c3 Qe7 9. Ne5 O-O 10. Bd3 f6 11.
Nxd7 Bxd7 12. O-O e5 13. Bc2 c6 14. a4 a5 15. Re1 e4 16. f3 f5 17. Bb3 Be6 18. Qe2 exf3 19. Nxf3 Rae8 20. Ne5 Nf7 21.
Nd3 Nd6 22. Ne5 Nf7 23. Nd3 Nd6 24. Bc2 Rf6 25. b4 Ne4 26. bxa5 Nxc3 27. Qf3 Qc7 28. Nc5 Bc8 29. Nb3 Ref8 30. Qf4 Qe7 31. Nc5 Qd8 32.
Nb3 h6 33. Bd3 R6f7 34. Qf2 Ne4 35. Bxe4 fxe4 36. Qg3 Qe7 37. Nc5 Qd8 38. Nb3 Rf5 39. Rf1 Rxf1+ 40. Rxf1 Rxf1+ 41. Kxf1 Qf8+ 42. Qf4 Qb4 43. Nc5 Qxa5 44. Qb8 Qd8 45. Nxb7 Qf8+ 46. Kg1 Bxb7 47. Qxb7 Qa3 48. Qc8+ Kh7 49. Qf5+ Kg8 50. Qe6+ Kh8 51. Qc8+ Kh7 52. Qf5+ Kh8 53. Qc8+ Kh7 1/2-1/2

[Event "*** SCC Grand Prix: Titled Tuesday Blitz"]
[Site "Chess.com"]
[Date "2020.06.09"]
[Round "5"]
[White "Gerodot71"]
[Black "Skatchkov_V"]
[Result "1/2-1/2"]
[WhiteElo "2397"]
[BlackElo "2545"]
[TimeControl "180+1"]
[EndTime "9:57:10 PDT"]
[Termination "Game drawn by agreement"]

1. d4 Nf6 2. c4 e6 3. Nf3 b6 4. a3 Bb7 5. Nc3 d5 6. cxd5 Nxd5 7. Qc2 Be7 8. e4 Nxc3 9. bxc3 O-O 10. Bd3 c5 11.
Bf4 Qc8 12. O-O Ba6 13. Bxa6 Qxa6 14. d5 exd5 15. exd5 Nd7 16. c4 Bf6 17. Ra2 Rfe8 18.
Bg5 h6 19. Bxf6 Nxf6 20. Qd3 Rad8 21. h3 Rxd5 22. Qb3 Rd6 23. Raa1 Red8 24. Ne5 Qb7 25. Rad1 Qe4 26. Rde1 Qd4 27. Nc6 Rxc6 28. Rd1 Rcd6 29. Rxd4 cxd4 30. Qd3 Nd7 31. Re1 Nc5 32. Qf3 d3 33. Kf1 d2 34. Rd1 Re6 35. g4 a5 36.
h4 a4 37. g5 Nb3 38. Kg2 Rde8 39. gxh6 Rxh6 40. Kh3 Re1 41. h5 Rxd1 42. Qxd1 Re6 43. h6 Re1 44. Qg4 g6 45. Qc8+ Kh7 46. Qf8 Rh1+ 47. Kg2 Rg1+ 48. Kh2 Rh1+ 49. Kg2 Rxh6 50. Qxf7+ Kh8 51. Qf8+ Kh7 52. Qf7+ Kh8 1/2-1/2

[Event "*** SCC Grand Prix: Titled Tuesday Blitz"]
[Site "Chess.com"]
[Date "2020.06.09"]
[Round "5"]
[White "Rinas_Oleg"]
[Black "AttilaTurzo"]
[Result "1-0"]
[WhiteElo "2233"]
[BlackElo "2476"]
[TimeControl "180+1"]
[EndTime "9:57:10 PDT"]
[Termination "Rinas_Oleg won by resignation"]

1. e4 c5 2. Nf3 d6 3. d4 cxd4 4.
Nxd4 Nf6 5. Nc3 a6 6. Bg5 e6 7. f4 Be7 8. Qf3 Qc7 9. O-O-O Nbd7 10. g4 b5 11. Bxf6 Nxf6 12. g5 Nd7 13. f5 Bxg5+ 14. Kb1 Ne5 15. fxe6 fxe6 16. Qh5+ Nf7 17. Bh3 g6 18.
Qf3 Ne5 19. Qg2 Qe7 20. Nxe6 Bxe6 21. Bxe6 Qxe6 22. Qxg5 O-O 23. h4 Nf3 24. Qg2 b4 25. Nd5 Qxe4 26. h5 g5 27. h6 Rf5 28. Rhe1 Qxe1 29.
Rxe1 Nxe1 30. Ne7+ Kf7 31. Qxa8 Kxe7 32. Qe4+ Re5 33. Qxh7+ Kf6 34. Qg7+ Kf5 35. h7 Nf3 36. Qxe5+ Nxe5 37. h8=Q g4 38. Qf8+ Ke4 39. Qxd6 g3 40. Qxb4+ Kf3 41. Qe1 Ng4 42. c4 g2 43. c5 Ne3 44. Qg1 Nd5 45. c6 a5 46. b3 Nc3+ 47. Kc2 Ne2 48. Qxg2+ Kxg2 49. c7 Nd4+ 50. Kd3 Nb5 51.
c8=Q Nd6 52. Qc6+ Kf2 53. Qxd6 a4 54. Qf6+ Kg3 55. Ke3 axb3 56. Qg6+ Kh2 57. Kf2 1-0

[Event "*** SCC Grand Prix: Titled Tuesday Blitz"]
[Site "Chess.com"]
[Date "2020.06.09"]
[Round "5"]
[White "BlackBoarder"]
[Black "witcher8"]
[Result "1-0"]
[WhiteElo "2652"]
[BlackElo "2418"]
[TimeControl "180+1"]
[EndTime "9:57:11 PDT"]
[Termination "BlackBoarder won on time"]

1. e4 c6 2. Nf3 d5 3. Nc3 Bg4 4. h3 Bh5 5. exd5 cxd5 6. g4 Bg6 7. Ne5 Nc6 8. Bb5 Rc8 9. Qf3 e6 10. h4 Bd6 11. Nxc6 bxc6 12. Ba6 Rb8 13. h5 Bxc2 14. O-O h6 15. d3 Qa5 16. Bf4 e5 17. Qe2 Ne7 18.
Bxe5 Bxe5 19. Qxe5 O-O 20. Qxe7 Qxa6 21. d4 Rxb2 22.
Rac1 Qa5 23. Qe3 Rfb8 24. Rfe1 Qd8 25. Re2 Bh7 26. Rce1 Rxe2 27. Rxe2 Qd6 28. Na4 Be4 29. Nc5 Rb1+ 30. Re1 Rxe1+ 31. Qxe1 Qf4 32. Nxe4 dxe4 33. Qe2 Kf8 34. Kg2 Ke7 35. f3 Kd6 36. fxe4 c5 37.
dxc5+ Kxc5 38. Qc2+ Kd4 39. Qa4+ Ke3 40. Qxa7+ Kxe4 41.
Qa4+ Ke3 42. Qxf4+ Kxf4 43. a4 1-0

[Event "*** SCC Grand Prix: Titled Tuesday Blitz"]
[Site "Chess.com"]
[Date "2020.06.09"]
[Round "5"]
[White "Training_Day"]
[Black "GelmanAlexander"]
[Result "1-0"]
[WhiteElo "2318"]
[BlackElo "2534"]
[TimeControl "180+1"]
[EndTime "9:57:11 PDT"]
[Termination "Training_Day won by resignation"]

1. e4 c5 2. c3 e6 3. d4 d5 4. e5 Nc6 5. Nf3 Bd7 6. Be2 f6 7. O-O fxe5 8. Nxe5 Nxe5 9. dxe5 Qc7 10. Re1 O-O-O 11.
c4 d4 12. b4 Nh6 13. bxc5 Bxc5 14. Ba3 Rhf8 15. Bf3 Nf5 16. Qb3 Nh4 17. Bxb7+ Qxb7 18. Qxb7+ Kxb7 19. Bxc5 Rf7 20. Nd2 Bc6 21. Rab1+ Ka8 22.
f3 d3 23. Rb3 g5 24. Bd6 g4 25. Reb1 Rb7 26. Rxb7 Bxb7 27. fxg4 Nxg2 28. Rxb7 Kxb7 29. Kxg2 Kc6 30. Kf3 Rd7 31. Ke3 Rb7 32. Kxd3 Rb2 33. a3 a5 34. h4 Ra2 35. Nf3 Rf2 36. Ng5 Rf4 37. Nxh7 Rxg4 38. h5 Rg3+ 39. Kd4 Rg4+ 40. Kd3 Rg3+ 41. Ke2 Rc3 42. Nf6 Rxc4 43. h6 Rh4 44. h7 Kb5 45. Bf8 Ka4 46. Bg7 Rh2+ 47. Kd3 Kxa3 48. h8=Q Rxh8 49. Bxh8 a4 50. Bg7 Kb3 51.
Bf8 a3 52. Bxa3 Kxa3 53. Kc4 Ka4 54. Kc5 1-0

[Event "*** SCC Grand Prix: Titled Tuesday Blitz"]
[Site "Chess.com"]
[Date "2020.06.09"]
[Round "5"]
[White "shineatchess"]
[Black "dolynachess"]
[Result "1-0"]
[WhiteElo "2233"]
[BlackElo "2425"]
[TimeControl "180+1"]
[EndTime "9:57:11 PDT"]
[Termination "shineatchess won by resignation"]

1. e4 c5 2. Nf3 d6 3. Bb5+ Bd7 4. Bxd7+ Qxd7 5. c4 g6 6. Nc3 Bg7 7. d4 cxd4 8. Nxd4 Nc6 9. Nde2 Nf6 10. O-O O-O 11.
f3 Rfc8 12. b3 a6 13. Be3 Rab8 14. a4 Qd8 15. Rc1 Qa5 16. Qd2 Nd7 17. f4 Nc5 18.
Qc2 Nb4 19. Qb1 Nbd3 20. Rc2 b5 21. axb5 axb5 22. Nxb5 Nxe4 23. Ra2 Qb4 24. Qxd3 Nc5 25.
Bxc5 Qxc5+ 26. Kh1 d5 27. Rc2 dxc4 28. Rxc4 Qb6 29.
Rxc8+ Rxc8 30. Rd1 Rb8 31. Nbd4 Rd8 32. Qc4 h5 33. b4 h4 34. b5 h3 35. Rd3 hxg2+ 36. Kxg2 e5 37. Nf3 Rxd3 38. Qxd3 exf4 39. Nxf4 Qc5 40.
Nd5 Bf8 41. b6 Bd6 42. Nf6+ Kf8 43. Nd7+ Kg7 44. Nxc5 Bxc5 45. Qc3+ 1-0

[Event "*** SCC Grand Prix: Titled Tuesday Blitz"]
[Site "Chess.com"]
[Date "2020.06.09"]
[Round "5"]
[White "Msb2"]
[Black "Mazetovic"]
[Result "1-0"]
[WhiteElo "2846"]
[BlackElo "2626"]
[TimeControl "180+1"]
[EndTime "9:57:12 PDT"]
[Termination "Msb2 won by checkmate"]

1. d4 Nf6 2. c4 g6 3. Nc3 Bg7 4. e4 d6 5. Nf3 O-O 6. Be2 Na6 7.
O-O e5 8. Be3 c6 9. d5 Ng4 10.
Bg5 f6 11. Bh4 c5 12. Ne1 Nh6 13. a3 Nf7 14. Nc2 h5 15. h3 Bh6 16. b4 b6 17. Rb1 Bg5 18. Bg3 Bf4 19. Bd3 Kg7 20. Ne2 Bxg3 21. fxg3 Bd7 22. Qd2 Nh6 23. Rf2 Qe7 24. Rbf1 Rf7 25. Ne3 Raf8 26. Qc3 Kh7 27. Bc2 Qd8 28. Qd2 Qc8 29. Kh2 Nc7 30. bxc5 bxc5 31. Qa5 Ne8 32. Ba4 Bxa4 33. Qxa4 Ng7 34. Qc6 Qd8 35. Nc3 f5 36. exf5 gxf5 37. Nb5 Rf6 38. Qc7 Qxc7 39. Nxc7 Rc8 40. Nb5 a6 41. Nc3 Rg6 42. Rb1 Rf8 43. Rb7 Kg8 44. Ra7 f4 45.
gxf4 exf4 46. Nf1 h4 47. Ne4 Nh5 48. Rxa6 Nf5 49. Nxc5 Nhg3 50. Ne6 Rb8 51. Nxf4 Rg7 52. Ne6 Nxf1+ 53. Rxf1 Ne3 54. Rf2 Rg3 55. Ra7 Rb1 56.
Rf8# 1-0

[Event "*** SCC Grand Prix: Titled Tuesday Blitz"]
[Site "Chess.com"]
[Date "2020.06.09"]
[Round "5"]
[White "Sam_ChessMood"]
[Black "cassoulet"]
[Result "1-0"]
[WhiteElo "2822"]
[BlackElo "2615"]
[TimeControl "180+1"]
[EndTime "9:57:12 PDT"]
[Termination "Sam_ChessMood won by checkmate"]

1. e4 c5 2. Nf3 Nc6 3. d4 cxd4 4. Nxd4 Nf6 5. Nc3 d6 6. Bg5 e6 7. Qd3 a6 8. O-O-O Bd7 9. f4 h6 10. Bh4 g5 11. fxg5 Ng4 12. Nf3 Nge5 13. Qe3 Be7 14.
Kb1 Nxf3 15. gxf3 hxg5 16. Bg3 Ne5 17. Be2 Qc7 18. Rd2 O-O-O 19. Rhd1 Bc6 20. a3 Kb8 21. Na2 Rc8 22. Nb4 Qa5 23. Rxd6 Bxd6 24.
Rxd6 Ka8 25. Bf2 Kb8 26. Qa7+ Kc7 27. Nxa6+ Kxd6 28. Bc5+ Kd7 29. Nb8+ Rxb8 30. Qxa5 f6 31. Qd2+ Ke8 32. Qd6 Kf7 33. Qe7+ Kg6 34. Qxe6 Bd7 35. Qd6 Rbd8 36. Qb6 Bc6 37. Bg1 Rd2 38. Qe3 Rhd8 39. Bf2 Ba4 40. b3 Bc6 41. Be1 R2d7 42. h4 Nf7 43.
hxg5 Nxg5 44. Bc3 Ne6 45. Kb2 Nd4 46. Bxd4 Rxd4 47. Bd3 Kg7 48. Qf4 R4d6 49. e5 fxe5 50. Qxe5+ Kf7 51. Bc4+ Kf8 52. Qh8+ Ke7 53. Qg7+ Ke8 54.
Qf7# 1-0

[Event "*** SCC Grand Prix: Titled Tuesday Blitz"]
[Site "Chess.com"]
[Date "2020.06.09"]
[Round "5"]
[White "pawnwonder"]
[Black "SARGISMV"]
[Result "0-1"]
[WhiteElo "2173"]
[BlackElo "2412"]
[TimeControl "180+1"]
[EndTime "9:57:15 PDT"]
[Termination "SARGISMV won by checkmate"]

1. e4 c5 2. Nf3 Nc6 3. Bb5 g6 4. Bxc6 dxc6 5. d3 Bg7 6. h3 Nf6 7. O-O O-O 8. Nc3 Nd7 9. Be3 e5 10. a3 Re8 11. b4 cxb4 12. axb4 a5 13. Qd2 Nf8 14. Ne2 a4 15. Rfb1 b5 16. Bh6 Qc7 17. Bxg7 Kxg7 18. Qc3 f6 19. Qb2 Ne6 20. c3 Bd7 21. d4 Rad8 22. Rd1 Nf4 23. dxe5 fxe5 24. Nxf4 exf4 25. c4+ Kg8 26. cxb5 cxb5 27. Rac1 Qb7 28. Ne5 Be6 29. Rxd8 Rxd8 30. h4 Qxe4 31. Nc6 Re8 32. Qf6 Bd5 33. Qg5 Bxc6 34. h5 Qf5 35. Qxf5 gxf5 36.
Rxc6 f3 37. gxf3 Ra8 38. h6 a3 39. Rc1 Kf7 40. Kf1 Ke6 41. Ke2 Kd5 42. Kd3 a2 43. Ra1 Ra3+ 44. Kc2 Kc4 45. Kb2 Kxb4 46. Rxa2 Rxa2+ 47.
Kxa2 Kc3 48. Ka3 b4+ 49. Ka2 Kc2 50. Ka1 b3 51. f4 b2+ 52. Ka2 b1=Q+ 53. Ka3 Qb3# 0-1